 Dungeon Crawl Stone Soup version 0.27-a0-1416-g941b2bd30b (webtiles) character file.

Game seed: 511221442799420049

1737 Dordric the Grappler (level 9, -15/78 HPs)
             Began as a Ghoul Monk on July 2, 2021.
             Was a Believer of Makhleb.
             Killed from afar by Harold (21 damage)
             ... with a harpoon shot
             ... on level 7 of the Dungeon.
             The game lasted 00:10:39 (6612 turns).

Dordric the Grappler (Ghoul Monk)                   Turns: 6612, Time: 00:10:39

Health: -15/78     AC: 10    Str: 16    XL:     9   Next: 5%
Magic:  8/8        EV:  6    Int:  5    God:    Makhleb [**....]
Gold:   376        SH:  0    Dex: 13    Spells: 8/8 levels left

rFire    + . .     SeeInvis .     - Unarmed
rCold    + + .     Faith    +   (no shield)
rNeg     + + +     Spirit   .   B - +1 ring mail {Will+}
rPois    ∞         Reflect  .   (no helmet)
rElec    .         Harm     .   x - scarf {rC+ rF+}
rCorr    .         Rampage  .   (no gloves)
Will     +....                  (no boots)
Stlth    +.........             n - amulet of faith
HPRegen  0.00/turn              k - +4 ring of protection
MPRegen  0.11/turn              (no ring)

@: held
A: claws 1, cold resistance 1, negative energy resistance 3, inhibited
regeneration, torment resistance 2
a: Renounce Religion, Minor Destruction


You were on level 7 of the Dungeon.
You worshipped Makhleb.
Makhleb was pleased with you.
You visited 2 branches of the dungeon, and saw 9 of its levels.

You collected 376 gold pieces.

Inventory:

Armour
 a - a +0 robe
 h - a +0 scale mail
 l - a +0 cloak
 x - a scarf of resistance (worn)
 B - a +1 ring mail of willpower (worn)
 D - the +6 chain mail of Itrit {rN+ rCorr Int-4 Stlth+}
   (You found it on level 7 of the Dungeon)

   Int:       It affects your intelligence (-4).
   rN:        It protects you from negative energy.
   rCorr:     It protects you from acid and corrosion.
   Stlth:     It makes you more stealthy.
Magical Staves
 m - a staff of poison
Jewellery
 k - a +4 ring of protection (left claw)
 n - an amulet of faith (around neck)
 s - a ring of ice
 u - an amulet of the acrobat
 F - an amulet of magic regeneration
Wands
 i - a wand of flame (56)
 w - a wand of paralysis (3)
 E - a wand of acid (5)
Scrolls
 b - a scroll of vulnerability {unknown}
 c - 8 scrolls of identify {unknown}
 f - 4 scrolls of teleportation {unknown}
 g - 2 scrolls of enchant weapon {unknown}
 j - a scroll of fear {unknown}
 p - a scroll of summoning {unknown}
 r - a scroll of silence {unknown}
 v - a scroll of blinking {unknown}
 y - 2 scrolls of enchant armour {unknown}
Potions
 d - 2 potions of invisibility {unknown}
 e - 3 potions of curing
 o - a potion of attraction {unknown}
 q - a potion of mutation {unknown}
 t - a potion of ambrosia {unknown}
 z - a potion of berserk rage {unknown}
 A - 2 potions of degeneration {unknown}
 C - a potion of might


   Skills:
 - Level 6.4 Fighting
 - Level 2.6 Dodging
 - Level 2.1 Stealth
 + Level 11.3 Unarmed Combat
 + Level 0.1 Invocations


You had 8 spell levels left.
You didn't know any spells.
Your spell library contained the following spells:

 Spells                   Type           Power      Damage    Failure   Level
 Sandblast                Erth           0%         2d4       71%         1
 Passwall                 Tmut/Erth      0%         N/A       83%         2
 Conjure Flame            Conj/Fire      0%         6-21      97%         3
 Gell's Gravitas          Tloc           0%         N/A       97%         3
 Ignite Poison            Fire/Tmut/Pois 0%         N/A       97%         3
 Lesser Beckoning         Tloc           0%         N/A       97%         3
 Teleport Other           Tloc           0%         N/A       97%         3
 Leda's Liquefaction      Hex/Erth       0%         N/A       100%        4
 Sticky Flame             Conj/Fire      0%         2d3       100%        4
 Bolt of Magma            Conj/Fire/Erth 0%         4d4       100%        5
 Lee's Rapid Deconstruct  Erth           0%         3d5*      100%        5
 Summon Hydra             Summ           0%         N/A       100%        7
 Sublimation of Blood     Necr           Unusable   N/A       N/A         2
 Wereblood                Tmut           Unusable   N/A       N/A         2
 Statue Form              Tmut/Erth      Unusable   N/A       N/A         6

Dungeon Overview and Level Annotations

Branches:
Dungeon (8/15)             Temple (1/1) D:5
   Lair: D:8-11

Altars:
Dithmenos
Gozag
Makhleb
Trog
Yredelemnul
Zin

Annotations:
D:7 1 runed translucent door, Harold; hilljack's ghost, novice GrEE


Innate Abilities, Weirdness & Mutations

You thrive by killing the living.
You are immune to poison.
You have sharp fingernails.
Your flesh is cold resistant. (rC+)
You are immune to negative energy. (rN+++)
You do not regenerate when monsters are visible.
You are immune to unholy pain and torment.


Message History

Aim: Harold, wielding a +0 glaive, wearing a +4 scale mail of fire resistance, quivering 4 throwing nets and carrying a wand of polymorph (8) (chance to affect: 15%) Harold resists with almost no effort.
Harold zaps a wand.
You resist with almost no effort.
Aiming: Paralyse
Press: ? - help, Shift-Dir - straight line, f/p - Harold
Aim: Harold, wielding a +0 glaive, wearing a +4 scale mail of fire resistance, quivering 4 throwing nets and carrying a wand of polymorph (7) (chance to affect: 15%) Harold resists with almost no effort.
Harold throws a throwing net.
The throwing net hits you.
You become entangled in the net!
You struggle against the net.
Harold hits you from afar with a +0 glaive!
You struggle against the net.
Harold zaps a wand.
You struggle against the net.
Harold hits you from afar with a +0 glaive!!
* * * LOW HITPOINT WARNING * * *
You shred the net and break free!
Harold zaps a wand.
You resist with almost no effort.
Harold throws a throwing net.
The throwing net hits you.
You become entangled in the net!
You see here a throwing net.
You struggle against the net.
Harold shouts, "Can you die now?
I had plans for the rest of the day!"
You struggle against the net.
Harold zaps a wand.
You resist with almost no effort.
You tear a large gash into the net.
Harold fires a harpoon shot at you. The harpoon shot hits you!
* * * LOW HITPOINT WARNING * * *
You are yanked forward by the harpoon shot.
The goblin closely misses you.
Harold throws a throwing net.
The throwing net closely misses you.
You see here 2 throwing nets.
You feel better.
Harold throws a throwing net.
The throwing net hits you.
You become entangled in the net!
You struggle against the net.
Harold hits you from afar with a +0 glaive!
* * * LOW HITPOINT WARNING * * *
You tear a large gash into the net.
Harold fires a harpoon shot at you. The harpoon shot hits you!!
You die...

##### #...# .####.#.##.#.#
# #...# ...........#.# #
###...###########.####^####
#........## #.##.......
#.#...#.#.## #.......##.
#.##...###.# #.##.##.##. #
###..#.## #>......##.
##......# ####.#####.
.........#@# #.......
###...#..#(### ########
#.#......@.# #...#.##.#g#
##..#.##.#.#
##......)#>######
#......##.#......#
#......##.#.####.#
#.......[.....#


You could see Harold and a goblin.

Vanquished Creatures
  Sigmund (D:3)
  Edmund (D:6)
  An ogre (D:5)
  A kobold brigand (D:5)
  4 scorpions
  A water moccasin zombie (D:5)
  A water moccasin skeleton (D:6)
  4 wights (D:8)
  2 howler monkeys
  A centaur zombie (D:7)
  5 hounds
  2 bullfrog zombies (D:5)
  A bullfrog skeleton (D:5)
  An orc priest (D:7)
  2 iguanas
  Jessica (D:2)
  Natasha (twice) (D:4)
  2 orc wizards
  3 howler monkey zombies (D:7)
  Robin (D:4)
  3 gnolls (D:3)
  2 adders
  2 shadow imps
  2 worms
  5 dart slugs
  15 orcs
  8 endoplasms
  6 giant cockroaches
  19 goblins
  12 hobgoblins
  11 jackals
  5 quokkas
  10 ball pythons
  6 bats
  3 frilled lizards
  11 kobolds
  8 rats
165 creatures vanquished.

Vanquished Creatures (others)
  A giant cockroach (D:3)
1 creature vanquished.

Grand Total: 166 creatures vanquished

Notes
Turn   | Place    | Note
-------+----------+-------------------------------------------
     0 | D:1      | Dordric the Ghoul Monk began the quest for the Orb.
     0 | D:1      | Reached XP level 1. HP: 19/19 MP: 0/0
   169 | D:1      | Reached XP level 2. HP: 26/26 MP: 1/1
   413 | D:1      | Reached XP level 3. HP: 33/33 MP: 2/2
   428 | D:1      | Reached skill level 4 in Unarmed Combat
   876 | D:2      | Noticed Jessica
   884 | D:2      | Killed Jessica
   885 | D:2      | Reached XP level 4. HP: 32/41 MP: 3/3
  1301 | D:2      | Found a faded altar of an unknown god.
  1778 | D:3      | Found a bloodstained altar of Trog.
  1813 | D:2      | Reached skill level 5 in Unarmed Combat
  1813 | D:2      | Reached XP level 5. HP: 21/47 MP: 4/4
  1989 | D:3      | Reached skill level 5 in Fighting
  2756 | D:3      | Reached XP level 6. HP: 52/56 MP: 5/5
  2816 | D:4      | Noticed Sigmund
  2828 | D:3      | Killed Sigmund
  2829 | D:3      | Reached skill level 6 in Unarmed Combat
  2855 | D:4      | Noticed Natasha
  2861 | D:4      | Killed Natasha
  2906 | D:4      | Reached XP level 7. HP: 64/64 MP: 6/6
  3461 | D:4      | Noticed Natasha
  3467 | D:4      | Killed Natasha
  3468 | D:4      | Reached skill level 7 in Unarmed Combat
  3742 | D:4      | Identified the -3 helmet of the Imp {Will+ Regen+ Dex+4
                  | Slay-6}
  3742 | D:4      | Noticed Robin
  3756 | D:4      | Killed Robin
  3833 | D:5      | Entered Level 5 of the Dungeon
  4106 | D:5      | Reached skill level 8 in Unarmed Combat
  4224 | D:5      | Reached XP level 8. HP: 43/71 MP: 7/7
  4370 | D:5      | Reached skill level 9 in Unarmed Combat
  4370 | D:5      | Found a staircase to the Ecumenical Temple.
  4416 | Temple   | Entered the Ecumenical Temple
  4421 | Temple   | Became a worshipper of Makhleb the Destroyer
  4421 | Temple   | Reached * piety under Makhleb
  4421 | Temple   | Reached ** piety under Makhleb
  4950 | D:6      | Noticed Edmund
  4974 | D:6      | Killed Edmund
  5218 | D:6      | Reached skill level 10 in Unarmed Combat
  5827 | D:7      | Identified the +6 chain mail of Itrit {rN+ rCorr Int-4
                  | Stlth+}
  5854 | D:7      | Identified the +7 hunting sling "Jemong" {freeze, rN++
                  | Dex-2}
  5919 | D:7      | Found a runed translucent door.
  5921 | D:7      | Noticed hilljack's ghost (novice GrEE)
  6166 | D:7      | Noticed Harold
  6167 | D:7      | Found a flagged portal.
  6417 | D:8      | Reached skill level 11 in Unarmed Combat
  6426 | D:8      | Reached XP level 9. HP: 61/78 MP: 8/8
  6612 | D:7      | Killed from afar by Harold

Illustrated notes

Levels and vault maps discovered:
D:1:      dpeg_arrival_brainrot, layout_basic
D:2:      layout_basic, chequers_ecumenical_altar_simple, uniq_jessica
D:3:      layout_loops_ring, trog_three_pillars_becter
D:4:      layout_cave_pods, general_overflow_altar, minmay_box_of_dots,
          uniq_robin, uniq_sigmund, uniq_natasha
D:5:      layout_basic, temple_hall, due_unseen_surprise
D:6:      layout_basic, uniq_edmund
D:7:      layout_loops_cross, enter_bailey_3, ebering_ghost_reflecting_pool,
          moated_statue, uniq_harold
D:8:      layout_basic, lair_entry_dummy, serial_bayou_crossing, uniq_grum
Temple:   regret_index_temple_chain_breaker

Skill      XL: |  1  2  3  4  5  6  7  8 |
---------------+-------------------------+-----
Fighting       | 4 5 6 |  6.4
Unarmed Combat | 4 5 6 8 11 | 11.3
Dodging        | |  2.6
Stealth        | |  2.1
Invocations    | |  0.1

Action                   |  1- 3 |  4- 6 |  7- 9 || total
-------------------------+-------+-------+-------++-------
Melee: Unarmed           |    74 |   163 |   288 ||   525
       Punch             |     2 |     1 |     8 ||    11
Invok: Minor Destruction |       |       |     1 ||     1
Evoke: Wand              |       |     5 |     6 ||    11
  Use: Potion            |       |     1 |     1 ||     2
 Stab: Sleeping          |     1 |     3 |       ||     4
       Distracted        |     1 |       |       ||     1
Armor: Robe              |    15 |    20 |       ||    35
       Scale mail        |       |    29 |   137 ||   166
       Ring mail         |       |       |    22 ||    22
Dodge: Dodged            |    40 |   110 |   184 ||   334

Table legend: (Time is in decaauts)
 A = Elapsed time spent in this place.
 B = Non-inter-level travel time spent in this place.
 C = Inter-level travel time spent in this place.
 D = Time resting spent in this place.
 E = Time spent auto-exploring this place.
 F = Levels seen in this place.
 G = Mean time per level.
                   A        B        C        D        E       F      G
               +--------+--------+--------+--------+--------+-----+--------+
         Total |   6548 |   6463 |     85 |      0 |   5373 |   9 |  727.6 |
       Dungeon |   6537 |   6452 |     85 |      0 |   5373 |   8 |  817.1 |
        Temple |     10 |     10 |      0 |      0 |      0 |   1 |   10.0 |
               +--------+--------+--------+--------+--------+-----+--------+

Top non-repeatable levels by time:
     D:6: 1159 daAuts
     D:2: 1123 daAuts
     D:4: 996 daAuts
     D:3: 883 daAuts
     D:1: 800 daAuts
     D:5: 753 daAuts
     D:7: 417 daAuts
     D:8: 403 daAuts
  Temple: 10 daAuts
